Map: Ephemeron LE

Players

Makhaos - Winner!

  • Race: Zerg Zerg
  • Spawn Location: 5:00

VOD

Have the link to the VOD?

Description

Time

  • Played on: Dec. 6, 2019, 6:30 p.m.
  • Length: 12:35
Show
View Real Time Build Order
Export as new Build Order

Makhaos Zerg - Winner!

Build Orders: Hatch First 

Get SALT Encoding   

  12  0:03  Drone  
  12  0:12  Overlord  
  12  0:17  Drone  
  12  0:30  Drone x2  
  12  0:35  Drone  
  12  0:56  Hatchery, Drone  
  12  1:00  Drone  
  12  1:03  Extractor  
  12  1:07  Drone  
  12  1:19  Spawning Pool  
  12  1:27  Drone  
  12  1:30  Drone  
  12  1:40  Overlord  
  12  1:52  Drone  
  12  2:02  Drone  
  12  2:06  Queen  
  12  2:08  Queen  
  12  2:13  Zergling x4  
  12  2:15  Metabolic Boost  
  12  2:19  Drone  
  12  2:28  Drone  
  12  2:30  Drone  
  12  2:33  Overlord  
  12  2:41  Drone  
  12  2:44  Drone  
  12  2:45  Queen  
  12  2:51  Queen  
  12  3:04  Zergling x2  
  12  3:07  Overlord  
  12  3:08  Drone x2  
  12  3:12  Drone  
  12  3:16  Drone  
  12  3:23  Drone  
  12  3:25  Drone  
  12  3:26  Drone, Lair  
  12  3:29  Drone  
  12  3:31  Overlord  
  12  3:42  Overlord  
  12  3:44  Drone  
  12  3:47  Drone  
  12  3:51  Spore Crawler  
  12  3:58  Spore Crawler  
  12  4:02  Extractor  
  12  4:05  Extractor  
  12  4:06  Extractor  
  12  4:08  Roach Warren, Drone x2  
  12  4:13  Drone x2  
  12  4:14  Drone  
  12  4:22  Drone  
  12  4:23  Drone  
  12  4:29  Hydralisk Den  
  12  4:33  Drone  
  12  4:39  Drone  
  12  4:47  Drone  
  12  4:49  Drone  
  12  4:51  Overlord  
  12  5:02  Evolution Chamber  
  12  5:03  Evolution Chamber  
  12  5:14  Drone x2  
  12  5:15  Drone x2  
  12  5:16  Hatchery  
  12  5:18  Drone  
  12  5:23  Grooved Spines  
  12  5:24  Drone  
  12  5:26  Drone  
  12  5:30  Drone  
  12  5:35  Zerg Melee Weapons Level 1  
  12  5:36  Zerg Ground Armor Level 1  
  12  5:37  Hydralisk x3  
  12  5:38  Hydralisk x2  
  12  5:39  Hydralisk  
  12  5:56  Hydralisk x3  
  12  6:00  Overlord  
  12  6:01  Overlord  
  12  6:07  Baneling Nest  
  12  6:14  Hydralisk  
  12  6:16  Zergling x2  
  12  6:19  Zergling x4  
  12  6:29  Drone x2  
  12  6:30  Drone  
  12  6:32  Overlord  
  12  6:34  Drone, Muscular Augments  
  12  6:51  Extractor  
  12  6:54  Drone x2  
  12  6:55  Drone x5  
  12  7:00  Centrifical Hooks  
  12  7:02  Extractor  
  12  7:03  Drone  
  12  7:13  Drone  
  12  7:21  Overseer, Infestation Pit  
  12  7:22  Hatchery  
  12  7:26  Hydralisk, Zergling x6  
  12  7:30  Zerg Melee Weapons Level 2  
  12  7:31  Zerg Ground Armor Level 2  
  12  7:34  Zergling x8  
  12  7:35  Zergling x4  
  12  7:36  Zergling x4  
  12  7:39  Overlord x2  
  12  7:40  Overlord x2  
  12  7:54  Drone x4  
  12  7:55  Drone x2  
  12  7:59  Baneling  
  12  8:00  Baneling x18  
  12  8:01  Baneling  
  12  8:03  Drone  
  12  8:04  Drone  
  12  8:05  Drone  
  12  8:12  Hive  
  12  8:16  Drone  
  12  8:17  Drone x2  
  12  8:18  Drone  
  12  8:33  Spire  
  12  8:38  Drone x4  
  12  8:39  Drone  
  12  9:13  Hatchery  
  12  9:18  Hydralisk  
  12  9:19  Hydralisk x12  
  12  9:20  Hydralisk  
  12  9:22  Overlord  
  12  9:23  Overlord  
  12  9:25  Overlord  
  12  9:38  Overlord  
  12  9:39  Overlord x2  
  12  9:57  Corruptor x2  
  12  9:58  Corruptor x4  
  12  10:01  Corruptor  
  12  10:19  Extractor  
  12  10:23  Extractor  
  12  10:34  Zergling x2  
  12  10:35  Zergling x34  
  12  10:44  Queen  
  12  10:56  Greater Spire  
  12  11:00  Viper  
  12  11:06  Viper  
  12  11:09  Zergling x2  
  12  11:10  Zergling x14  
  12  11:22  Viper  
  12  11:30  Zergling x10  
  12  11:32  Overlord x2  
Tags
 
Add a new tag
Caveats
  • Supply blocks, unpowered buildings, or Contaminate may cause inaccurate times.
  • Supply counts are checked every 10 seconds.